 Dungeon Crawl Stone Soup version 0.25-a0-1130-g3926558 (webtiles) character file.

Game seed: 1352008718251986086, levelgen mode: deterministic

163 Faca the Skirmisher (level 5, -10/47 (48) HPs)
             Began as a Ghoul Fighter on May 19, 2020.
             Was an Initiate of Makhleb.
             Mangled by an orc warrior
             ... wielding a +0 scimitar
              (15 damage)
             ... on level 3 of the Dungeon.
             The game lasted 00:04:11 (3043 turns).

Faca the Skirmisher (Ghoul Fighter)                 Turns: 3043, Time: 00:04:11

HP:   -10/47 (48)   AC:  8    Str: 27    XL:     5   Next: 44%
MP:   4/4           EV:  5    Int:  3    God:    Makhleb [......]
Gold: 230           SH:  9    Dex:  8    Spells: 4/4 levels left

rFire    . . .     SeeInvis .     - Unarmed
rCold    + . .     Gourm    .   b - +0 kite shield
rNeg     + + +     Faith    .   g - +0 chain mail
rPois    ∞         Spirit   .   (no helmet)
rElec    .         Reflect  .   (no cloak)
rCorr    .         Harm     .   (no gloves)
MR       .....                  (no boots)
Stlth    ..........             (no amulet)
HPRegen  0.00/turn              m - +6 ring of strength
MPRegen  0.09/turn              (no ring)

@: rotting
A: rotting body, claws 1, carnivore, cold resistance 1, negative energy
resistance 3, inhibited regeneration, torment resistance, unbreathing
a: Renounce Religion


You were on level 3 of the Dungeon.
You worshipped Makhleb.
Makhleb was noncommittal.
You were hungry.

You visited 1 branch of the dungeon, and saw 4 of its levels.

You collected 230 gold pieces.

Inventory:

Missiles
 k - 6 boomerangs
 l - a throwing net (quivered)
Armour
 b - a +0 kite shield (worn)
 g - a +0 chain mail (worn)
Jewellery
 m - a +6 ring of strength (left claw)
Wands
 e - a wand of disintegration (8)
Scrolls
 a - a scroll of enchant weapon
 h - 4 scrolls of identify
 o - a scroll of teleportation
Potions
 c - 2 potions of might
 i - 3 potions of haste
 j - a potion of resistance
Comestibles
 d - 6 rations


   Skills:
 + Level 5.2 Fighting
 - Level 2.6 Armour
 - Level 2.6 Shields
 + Level 4.4 Unarmed Combat


You had 4 spell levels left.
You didn't know any spells.
Your spell library contained the following spells:

 Spells                   Type           Power        Failure   Level  Hunger
 Corona                   Hex            #......      100%        1    ##.....
 Ensorcelled Hibernation  Hex/Ice        #.....       100%        2    ###....
 Confusing Touch          Hex            #.......     100%        3    ####...
 Dazzling Flash           Conj/Hex       #.....       100%        3    ####...
 Tukima's Dance           Hex            #.......     100%        3    ####...


Dungeon Overview and Level Annotations

Branches:
Dungeon (4/15)
 Temple: D:4-7

Altars:
Makhleb


Innate Abilities, Weirdness & Mutations

Your body is rotting away.
You thrive on raw meat.
You are immune to poison.
You have sharp fingernails.
You are carnivorous and can eat meat at any time.
Your flesh is cold resistant. (rC+)
You are immune to negative energy. (rN+++)
You do not regenerate when monsters are visible.
You are immune to unholy pain and torment.
You can survive without breathing.


Message History

You scratch the orc warrior.
The orc warrior is moderately wounded.
The orc warrior hits you with a +0 scimitar!
* * * LOW HITPOINT WARNING * * *
You claw the orc warrior!
The orc warrior is severely wounded.
The orc warrior closely misses you.
You scratch the orc warrior but do no damage.
The orc warrior is severely wounded.
You block the orc warrior's attack.
You scratch the orc warrior but do no damage.
The orc warrior is severely wounded.
You block the orc warrior's attack.
You scratch the orc warrior but do no damage.
The orc warrior is severely wounded.
You block the orc warrior's attack.
You closely miss the orc warrior.
The orc warrior is severely wounded.
The orc warrior hits you with a +0 scimitar!
You die...

##.#.#..###..........#.# #.#...
.................#...#.#####.#...
##...#..####.....................
...........#.#...#...............
.................................
.....#..##.#.#...................
##...#...........................
##...#.###.....o.)..##.#####.###.
................@#.#...#####.###.
##...#...........................
##.................#.#.###.......
##..######.#.##..###.#.# ###.####
##..# #.#.##..# #.#.# #.#
##..######.#.##..# #.#.# #.#
.................# #.#.# #.#
##########.#.##.## #.#.#####.#
#.#.#### #..[......#


You could see an orc warrior.

Vanquished Creatures
  A bullfrog skeleton (D:2)
  A worker ant (D:3)
  4 adders
  An ooze (D:2)
  A worm (D:3)
  2 dart slugs (D:1)
  4 leopard geckos
  An orc (D:3)
  3 ball pythons
  6 bats
  2 giant cockroaches
  2 hobgoblins
  5 jackals
  2 quokkas (D:3)
  5 frilled lizards
  5 goblins
  10 kobolds
  A leopard gecko skeleton (D:3)
  6 rats
62 creatures vanquished.

Notes
Turn   | Place    | Note
-------+----------+-------------------------------------------
     0 | D:1      | Faca the Ghoul Fighter began the quest for the Orb.
     0 | D:1      | Reached XP level 1. HP: 19/19 MP: 0/0
   138 | D:1      | Reached XP level 2. HP: 23/26 MP: 1/1
   175 | D:1      | You fall into a shaft and drop 1 floor!
   402 | D:2      | Reached XP level 3. HP: 21/33 MP: 2/2
   403 | D:2      | Reached skill level 4 in Fighting
  1479 | D:2      | Reached XP level 4. HP: 40/41 MP: 3/3
  2129 | D:3      | Found a burning altar of Makhleb.
  2146 | D:3      | Became a worshipper of Makhleb the Destroyer
  2185 | D:3      | Reached XP level 5. HP: 47/47 MP: 4/4
  2562 | D:3      | Reached skill level 5 in Fighting
  2921 | D:4      | Noticed an orc warrior
  3043 | D:3      | Mangled by an orc warrior

Illustrated notes

Levels and vault maps discovered:
D:1:      erik_arrival_orb_chamber, layout_loops_cross
D:2:      kennysheep_big_flooded_room, layout_basic
D:3:      layout_basic, old_standard_altar
D:4:      layout_layer_cave, zin_purify, first_ration, uniq_robin

Skill      XL: |  1  2  3  4  5 |
---------------+----------------+-----
Unarmed Combat | 3 4 |  4.4
Fighting       | 4 5 |  5.2
Armour         | |  2.6
Shields        | |  2.6

Action                   |  1- 3 |  4- 6 || total
-------------------------+-------+-------++-------
Melee: Unarmed           |   134 |   107 ||   241
  Use: Scroll            |     7 |     2 ||     9
  Eat: Chunk             |     3 |     3 ||     6
Armor: Scale mail        |    10 |       ||    10
       Chain mail        |    64 |    45 ||   109
Dodge: Dodged            |    33 |    14 ||    47
Block: Kite shield       |    65 |    57 ||   122

Table legend:
 A = Non-vault XP
 B = Vault XP
 C = Vault XP percentage of total XP
 D = Non-vault monster count
 E = Vault monster count
 F = Vault count percentage of total count
                 A         B        C        D         E       F
            +---------+---------+-------+---------+---------+-------
      Total |     229 |       4 |   1.7 |      60 |       2 |   3.2
            +---------+---------+-------+---------+---------+-------
        D:1 |      40 |       0 |   0.0 |      22 |       0 |   0.0
        D:2 |     117 |       4 |   3.3 |      23 |       2 |   8.0
        D:3 |      72 |       0 |   0.0 |      15 |       0 |   0.0
            +---------+---------+-------+---------+---------+-------
